 Dungeon Crawl Stone Soup version 0.28-a0-1236-gb25a51b929 (webtiles) character file.

Game seed: 17745233644824321202

256 porpoise the Conjurer (level 5, -2/42 HPs)
             Began as a Deep Elf Conjurer on Dec 26, 2021.
             Slain by an orc (3 damage)
             ... on level 4 of the Dungeon.
             The game lasted 00:07:09 (2830 turns).

porpoise the Conjurer (Deep Elf Conjurer)           Turns: 2830, Time: 00:07:09

Health: -2/42      AC: 22    Str:  4    XL:     5   Next: 92%
Magic:  15/15      EV:  2    Int: 31    God:
Gold:   117        SH:  0    Dex: 13    Spells: 5/16 levels left

rFire   . . .      SeeInvis .   a - +0 rapier
rCold   . . .      Faith    .   (no shield)
rNeg    . . .      Spirit   .   (armour currently unavailable)
rPois   +          Reflect  .   (helmet currently unavailable)
rElec   .          Harm     .   (cloak currently unavailable)
rCorr   .          Rampage  .   (gloves currently unavailable)
Will    .....      NoTele   +   (boots currently unavailable)
Stlth   +.........              (no amulet)
HPRegen 0.14/turn               d - +6 ring of intelligence
MPRegen 0.14/turn               (no ring)

@: confused, mighty, tree-form
A: stationary, stasis, torment immunity, boosted hp
a: no special abilities


You were on level 4 of the Dungeon.
You were a tree.
You visited 1 branch of the dungeon, and saw 4 of its levels.

You collected 117 gold pieces.

Inventory:

Hand Weapons
 a - a +0 rapier (weapon)
 b - a +0 hunting sling
Missiles
 e - 128 stones
 n - 2 boomerangs
Armour
 l - a +0 robe (melded)
Jewellery
 d - a +6 ring of intelligence (left branch)
Scrolls
 c - a scroll of noise {unknown}
 f - 3 scrolls of identify {unknown}
 j - 2 scrolls of fog {unknown}
 k - a scroll of teleportation {unknown}
 m - 3 scrolls of blinking {unknown}
Potions
 h - a potion of might


   Skills:
 - Level 2.4 Dodging
 + Level 2.4 Stealth
 * Level 6.2 Spellcasting
 - Level 6.4 Conjurations
 * Level 0.0 Hexes


You had 5 spell levels left.
You knew the following spells:

 Your Spells              Type           Power      Damage    Failure   Level
a - Magic Dart            Conj           100%       1d8       1%          1
b - Searing Ray           Conj           98%        2d8       1%          2
c - Fulminant Prism       Conj/Hex       14%        3d9       13%         4
d - Iskenderun's Mystic   Conj/Tloc      29%        2d7       13%         4

Your spell library contained the following spells:

 Spells                   Type           Power      Damage    Failure   Level
 Dazzling Flash           Conj/Hex       58%        N/A       3%          3
 Sandblast                Erth           18%        2d7       4%          1
 Ensorcelled Hibernation  Hex/Ice        18%        N/A       8%          2
 Tukima's Dance           Hex            9%         N/A       14%         3


Dungeon Overview and Level Annotations

Branches:
Dungeon (4/15)
 Temple: D:4-7

Altars:


Message History

You are more confused.
You attack the rock wall.
The orc hits you but does no damage. Something hits you but does no damage.
The orc hits you but does no damage. Something hits you.
* * * LOW HITPOINT WARNING * * *
The orc hits you but does no damage.
You hear some strange, mumbled words.
Something tries to affect you, but you resist.
You attack the rock wall.
The orc hits you but does no damage. Something hits you.
* * * LOW HITPOINT WARNING * * *
The orc hits you but does no damage. Something hits you but does no damage.
You closely miss something. The orc hits you but does no damage.
Something hits you but does no damage. The orc hits you but does no damage.
You hear some strange, mumbled words.
You are more confused.
Something hits you but does no damage. The orc hits you but does no damage.
You miss the orc. The orc hits you but does no damage.
Something hits you but does no damage.
You hear some strange, mumbled words.
Something tries to affect you, but you resist.
The orc hits you but does no damage.
You hit something. The orc hits you but does no damage.
You hear some strange, mumbled words.
Something tries to affect you, but you resist.
The orc hits you but does no damage. Something hits you but does no damage.
You miss something. The orc hits you but does no damage.
You hear some strange, mumbled words.
A puff of flame appears from out of thin air!
The puff of flame hits you!
* * * LOW HITPOINT WARNING * * *
The orc hits you but does no damage.
You hear some strange, mumbled words.
A puff of flame appears from out of thin air!
The puff of flame hits you but does no damage.
The orc hits you with a +0 club.
* * * LOW HITPOINT WARNING * * *
Something hits you but does no damage.
You closely miss something. The orc hits you with a +0 flail.
You die...

#. .##.##
..... #######
.....# #o♣(..#
#...####{{o..#
#...........#
##..........#
#.....(....#
#.....######
#.....#
#<).### ###.#


You could see 2 orcs.

Vanquished Creatures
  An ogre (D:4)
  An orc priest (D:3)
  A centaur skeleton (D:4)
  6 adders
  2 worms (D:2)
  2 dart slugs (D:2)
  3 orcs (D:3)
  7 ball pythons
  7 bats
  5 endoplasms
  2 giant cockroaches
  3 goblins
  6 hobgoblins
  3 quokkas
  3 frilled lizards
  3 rats
55 creatures vanquished.

Vanquished Creatures (others)
  2 fungi (D:2)
  2 plants (D:2)
4 creatures vanquished.

Grand Total: 59 creatures vanquished

Notes
Turn   | Place    | Note
-------+----------+-------------------------------------------
     0 | D:1      | porpoise the Deep Elf Conjurer began the quest for the Orb.
     0 | D:1      | Reached XP level 1. HP: 10/10 MP: 6/6
   274 | D:1      | Reached XP level 2. HP: 15/15 MP: 5/8
   277 | D:1      | Learned a level 2 spell: Searing Ray
  1032 | D:2      | Reached skill level 5 in Conjurations
  1032 | D:2      | Reached XP level 3. HP: 19/19 MP: 5/10
  1075 | D:2      | Found a faded altar of an unknown god.
  1083 | D:2      | Got Plato's Disquisition on Clay
  1845 | D:3      | Reached XP level 4. HP: 24/24 MP: 7/12
  2310 | D:3      | Reached skill level 5 in Spellcasting
  2593 | D:3      | Reached XP level 5. HP: 28/28 MP: 9/14
  2722 | D:4      | Noticed an ogre
  2729 | D:4      | Killed an ogre
  2792 | D:3      | Learned a level 4 spell: Fulminant Prism
  2797 | D:3      | Learned a level 4 spell: Iskenderun's Mystic Blast
  2829 | D:4      | HP: 1/42 [orc (2)]
  2830 | D:4      | Slain by an orc

Illustrated notes

Levels and vault maps discovered:
D:1:      minmay_arrival_diagonal_passages, layout_basic, minmay_misc_feat_alley
D:2:      layout_loops_ring, shapermc_ecumenical_altar_rom_forum
D:3:      layout_loops_ring
D:4:      layout_loops_cross, eino_small_chamber_without_monster,
          nicolae_concentric_dashed_squares_mild

Skill      XL: |  1  2  3  4  5 |
---------------+----------------+-----
Spellcasting   | 4 5 6 |  6.2
Conjurations   | 5 6 |  6.4
Dodging        | |  2.4
Stealth        | |  2.4

Action                   |  1- 3 |  4- 6 || total
-------------------------+-------+-------++-------
Melee: Rapier            |       |     6 ||     6
       Hunting sling     |       |     1 ||     1
 Fire: Hunting sling     |       |     3 ||     3
 Cast: Magic Dart        |    44 |     6 ||    50
       Searing Ray       |     8 |    11 ||    19
  Use: Potion            |       |     3 ||     3
Armor: Robe              |     1 |     4 ||     5
       Skin              |       |    34 ||    34
Dodge: Dodged            |       |     5 ||     5

Table legend: (Time is in decaauts)
 A = Elapsed time spent in this place.
 B = Non-inter-level travel time spent in this place.
 C = Inter-level travel time spent in this place.
 D = Time resting spent in this place.
 E = Time spent auto-exploring this place.
 F = Levels seen in this place.
 G = Mean time per level.
                   A        B        C        D        E       F      G
               +--------+--------+--------+--------+--------+-----+--------+
         Total |   2834 |   2788 |     46 |    947 |   1509 |   4 |  708.5 |
       Dungeon |   2834 |   2788 |     46 |    947 |   1509 |   4 |  708.5 |
               +--------+--------+--------+--------+--------+-----+--------+

Top non-repeatable levels by time:
     D:3: 966 daAuts
     D:1: 924 daAuts
     D:2: 894 daAuts
     D:4: 48 daAuts
